 Dungeon Crawl Stone Soup version 0.29.1-15-g9cfb28693d (webtiles) character file.

Game seed: 5304790695339059958

219 Descartes the Sneak (level 5, -2/24 HPs)
             Began as a Spriggan Conjurer on Apr 29, 2023.
             Was an Initiate of Gozag.
             Slain by an elf zombie (5 damage)
             ... in an ossuary.
             The game lasted 00:05:50 (3553 turns).

Descartes the Sneak (Spriggan Conjurer)             Turns: 3553, Time: 00:05:50

Health: -2/24      AC:  2    Str:  3    XL:     5   Next: 64%
Magic:  1/12       EV: 18    Int: 22    God:    Gozag
Gold:   145        SH:  0    Dex: 13    Spells: 11/12 levels left

rFire   . . .      SeeInvis +   d - +1 short sword
rCold   . . .      Faith    .   (no shield)
rNeg    . . .      Spirit   .   a - +0 robe
rPois   .          Reflect  .   (helmet restricted)
rElec   .          Harm     .   (no cloak)
rCorr   .          Rampage  .   (gloves unavailable)
Will    .....                   (boots unavailable)
Stlth   +++.......              (no amulet)
HPRegen 0.08/turn               e - ring of wizardry
MPRegen 0.13/turn               (no ring)

@: invisible, very quick
A: very small, no large weapons, unfitting armour, see invisible, speed 3
a: Renounce Religion, Potion Petition, Call Merchant, Bribe Branch


You were in an ossuary.
You worshipped Gozag.
Gozag was aware of your devotion.
You visited 1 branch of the dungeon, and saw 4 of its levels.
You also visited: Ossuary.

You collected 196 gold pieces.
You paid 51 gold pieces to Gozag.

Inventory:

Hand Weapons
 c - a +0 sling
 d - a +1 short sword (weapon)
Armour
 a - a +0 robe (worn)
Magical Staves
 r - a staff of poison
Jewellery
 e - a ring of wizardry (left hand)
 p - a ring of ice
Scrolls
 g - a scroll of teleportation {unknown}
 h - a scroll of fear {unknown}
 l - a scroll of identify {unknown}
 m - a scroll of enchant weapon
 q - a scroll of noise {unknown}
Potions
 b - 2 potions of magic
 f - a potion of cancellation {unknown}
 i - a potion of might {unknown}
 j - a potion of heal wounds {unknown}
 k - a potion of curing {unknown}
 n - a potion of invisibility
 o - a potion of berserk rage {unknown}


   Skills:
 + Level 2.4 Short Blades
 + Level 4.2 Dodging
 + Level 4.9 Stealth
 + Level 4.0 Spellcasting
 + Level 3.5 Conjurations


You had 11 spell levels left.
You knew the following spells:

 Your Spells              Type           Power      Damage    Failure   Level
a - Magic Dart            Conj           80%        1d7       1%          1

Your spell library contained the following spells:

 Spells                   Type           Power      Damage    Failure   Level
 Searing Ray              Conj           40%        2d5       1%          2
 Dazzling Flash           Conj/Hex       24%        N/A       6%          3
 Ozocubu's Armour         Ice            4%         N/A       13%         3
 Fulminant Prism          Conj/Hex       6%         3d7       21%         4
 Iskenderun's Mystic Bla  Conj/Tloc      12%        2d5       21%         4
 Ozocubu's Refrigeration  Ice            2%         4d7       100%        7


Dungeon Overview and Level Annotations

Branches:
Dungeon (4/15)            Ossuary (1/1)
 Temple: D:4-7

Altars:
Gozag

Shops:
D:2 *


Innate Abilities, Weirdness & Mutations

You are very small and have problems with some larger weapons.
You are too small for most types of armour.
You have supernaturally acute eyesight. (SInv)
You cover ground extremely quickly. (Speed+++)


Message History

Confirm with . or Enter, or press ? or * to list all spells.
Aiming: Magic Dart (safe; 1% risk of failure)
Press: ? - help, Shift-Dir - straight line, f/p - elf zombie
Aim: an elf zombie (heavily damaged, 100% to hit)
The magic dart hits the elf zombie.
The elf zombie is severely damaged.
Casting: Magic Dart (safe; 1% risk of failure)
Confirm with . or Enter, or press ? or * to list all spells.
Aiming: Magic Dart (safe; 1% risk of failure)
Press: ? - help, Shift-Dir - straight line, f/p - elf zombie
Aim: an elf zombie (severely damaged, 100% to hit)
The magic dart hits the elf zombie.
The elf zombie is severely damaged.
The elf zombie barely misses you.
Casting: Magic Dart (safe; 1% risk of failure)
Confirm with . or Enter, or press ? or * to list all spells.
Aiming: Magic Dart (safe; 1% risk of failure)
Press: ? - help, Shift-Dir - straight line, f/p - elf zombie
Aim: an elf zombie (severely damaged, 100% to hit)
The magic dart hits the elf zombie.
The elf zombie is almost destroyed.
The elf zombie barely misses you.
You hit the elf zombie.
The elf zombie is almost destroyed.
The elf zombie hits you.
* * * LOW HITPOINT WARNING * * *
You hit the elf zombie.
The elf zombie is almost destroyed.
You hit the elf zombie.
The elf zombie is almost destroyed.
The elf zombie completely misses you.
Unknown command.
It was a potion of invisibility.
You fade into invisibility!
The elf zombie completely misses you.
You hit the elf zombie.
The elf zombie is almost destroyed.
The elf zombie hits you.
You die...
Your body crumbles into a pile of gold.

###################
......∩@Z∩........#
..................#
....########......#
.## ####$..# ##..#
+$.# #..# ..$# ...#


You could see an elf zombie (unable to see you).

Vanquished Creatures
  The ghost of engelados the Conjurer, an amateur OpCj (D:3)
  2 adders
  4 gnolls
  A dart slug (D:3)
  An orc (D:3)
  2 ball pythons (D:1)
  4 bats
  5 endoplasms
  2 giant cockroaches
  5 goblins
  6 hobgoblins
  A jackal (D:3)
  5 kobolds
  A quokka (D:3)
  4 frilled lizards
  A goblin zombie (Ossuary)
  2 jackal zombies (Ossuary)
  3 rats
50 creatures vanquished.

Notes
Turn   | Place    | Note
-------+----------+-------------------------------------------
     0 | D:1      | Descartes the Spriggan Conjurer began the quest for the
                  | Orb.
     0 | D:1      | Reached XP level 1. HP: 9/9 MP: 5/5
   207 | D:1      | Reached XP level 2. HP: 13/13 MP: 3/6
   354 | D:1      | Reached skill level 1 in Short Blades
   775 | D:1      | Reached XP level 3. HP: 16/16 MP: 6/8
  1635 | D:2      | Found a faded altar of an unknown god.
  1719 | D:2      | Found Guvez's General Store.
  1867 | D:2      | Reached XP level 4. HP: 21/21 MP: 0/10
  2710 | D:3      | Found a runed translucent gate.
  2711 | D:3      | Found a runed translucent gate.
  2745 | D:3      | Found a runed translucent gate.
  2746 | D:3      | Found an opulent altar of Gozag.
  2749 | D:3      | Noticed engelados's ghost (amateur OpCj)
  3137 | D:3      | Killed engelados's ghost
  3138 | D:3      | Reached XP level 5. HP: 18/24 MP: 1/12
  3155 | D:3      | Became a worshipper of Gozag Ym Sagoz the Greedy
  3461 | D:4      | Found a sand-covered staircase.
  3466 | Ossuary  | Entered an ossuary
  3553 | Ossuary  | Slain by an elf zombie

Illustrated notes

Levels and vault maps discovered:
D:1:      onia_arrival_pentagram, layout_basic, nicolae_grassy_gnolls
D:2:      layout_loops_ring, serial_shops, shop,
          chequers_ecumenical_altar_twisty
D:3:      layout_basic, ebering_ghost_gozag
D:4:      layout_basic, nicolae_ossuary_entry_false_entrances, dk_vineyard_2,
          uniq_blork_the_orc
Ossuary:  minmay_ossuary_two_tombs

Skill      XL: |  1  2  3  4 |
---------------+-------------+-----
Conjurations   | 3 |  3.5
Dodging        | 3 4 |  4.2
Short Blades   | 1 2 |  2.4
Spellcasting   | 3 4 |  4.0
Stealth        | 4 |  4.9

Action                   |  1- 3 |  4- 6 || total
-------------------------+-------+-------++-------
Melee: Short sword       |    11 |    16 ||    27
 Cast: Magic Dart        |    70 |    75 ||   145
  Use: Scroll            |       |     2 ||     2
       Potion            |       |     1 ||     1
Dodge: Dodged            |    15 |    18 ||    33
